 Dungeon Crawl Stone Soup version 0.29.1-2-gbd0b4ee654 (webtiles) character file.

Game seed: 7452604981039664865

122428 GeoRichter the Severer (level 16, -12/155 HPs)
             Began as a Demonspawn Artificer on Oct 29, 2022.
             Was the Champion of Makhleb.
             Succumbed to a redback's poison
             ... on level 1 of the Spider Nest.
             The game lasted 01:21:21 (28063 turns).

GeoRichter the Severer (Demonspawn Artificer)      Turns: 28063, Time: 01:21:21

Health: -12/155    AC: 22    Str: 27 (28) XL:     16   Next: 34%
Magic:  26/26      EV: 10    Int: 13      God:    Makhleb [******]
Gold:   1091       SH:  0    Dex: 13      Spells: 15/15 levels left

rFire   + . .      SeeInvis +   Q - +4 battleaxe "Hodoppe" {drain, rC+ Str+3 SInv}
rCold   + . .      Faith    .   (shield currently unavailable)
rNeg    . . .      Spirit   .   S - +5 plate armour "Byerr" {Str+4 Stlth-}
rPois   +          Reflect  .   k - +2 helmet
rElec   +          Harm     .   B - +0 cloak
rCorr   +          Rampage  .   (gloves unavailable)
Will    +....                   D - +2 pair of boots
Stlth   ..........              C - amulet of regeneration
HPRegen 1.15/turn               M - ring "Luasine" {rElec rPois rF+}
MPRegen 0.40/turn               c - ring of resist corrosion

@: lethally poisoned (-12 -> -67), corroded, studying 2 skills
A: rugged brown scales 3, ignite blood 1, robust 1, magic regeneration, demonic
touch 3
a: Renounce Religion, Minor Destruction, Lesser Servant of Makhleb, Major
Destruction, Greater Servant of Makhleb


You were on level 1 of the Spider Nest.
You worshipped Makhleb.
Makhleb was exalted by your worship.
You visited 5 branches of the dungeon, and saw 26 of its levels.
You also visited: Gauntlet.

You collected 3701 gold pieces.
You spent 2610 gold pieces at shops.

Inventory:

Hand Weapons
 s - a +0 broad axe
   (You found it on level 13 of the Dungeon)
 w - a +2 vampiric war axe {!w}
   (You found it on level 1 of the Lair of Beasts)
 Q - the +4 battleaxe "Hodoppe" (weapon) {drain, rC+ Str+3 SInv}
   (You bought it in a shop on level 2 of the Orcish Mines)

   A truly terrible weapon, it drains the life of any living foe it strikes.
   Str:       It affects your strength (+3).
   rC:        It protects you from cold.
   SInv:      It lets you see invisible.
Missiles
 P - 2 silver javelins
Armour
 k - a +2 helmet (worn)
   (You found it on level 1 of the Dungeon)
 n - a +0 kite shield
   (You found it on level 13 of the Dungeon)
 t - the +3 buckler "Ecruac" {rF+ Int+2}
   (You found it on level 3 of the Dungeon)

   Int:       It affects your intelligence (+2).
   rF:        It protects you from fire.
 B - a +0 cloak (worn)
   (You found it on level 6 of the Dungeon)
 D - a +2 pair of boots (worn)
   (You found it on level 6 of the Dungeon)
 K - a +0 troll leather armour
   (You found it on level 9 of the Dungeon)
 S - the +5 plate armour "Byerr" (worn) {Str+4 Stlth-}
   (You bought it in a shop on level 2 of the Orcish Mines)

   Str:       It affects your strength (+4).
   Stlth:     It makes you less stealthy.
Jewellery
 c - a ring of resist corrosion (right hand)
   (You found it on level 6 of the Dungeon)
 y - a ring of flight
   (You found it on level 3 of the Lair of Beasts)
 C - an amulet of regeneration (around neck)
   (You found it on level 4 of the Lair of Beasts)
 F - a +4 ring of evasion
   (You found it on level 4 of the Lair of Beasts)
 J - a ring of ice
   (You found it on level 9 of the Dungeon)
 M - the ring "Luasine" (left hand) {rElec rPois rF+}
   (You found it in a Gauntlet)

   [ring of protection from fire]

   rF:        It protects you from fire.
   rElec:     It insulates you from electricity.
   rPois:     It protects you from poison.
 T - a ring of protection from cold
   (You found it on level 12 of the Dungeon)
Wands
 d - a wand of charming (13)
 e - a wand of iceblast (2)
 h - a wand of roots (19)
   (You found it on level 9 of the Dungeon)
 l - a wand of flame (29)
   (You found it on level 10 of the Dungeon)
 L - a wand of polymorph (9)
   (You took it off Sonja on level 11 of the Dungeon)
Scrolls
 a - 9 scrolls of enchant armour
 f - 6 scrolls of magic mapping
 q - 3 scrolls of fog
 u - 8 scrolls of fear
 v - 5 scrolls of poison {!r}
 x - 2 scrolls of enchant weapon
 G - a scroll of teleportation {@r4}
 O - 2 scrolls of blinking
 V - a scroll of immolation {unknown}
Potions
 b - a potion of resistance
 g - 3 potions of flight
 i - 5 potions of attraction {!q}
 j - 6 potions of haste {@q3}
 m - 3 potions of might
 o - 6 potions of lignification {!q}
 p - 6 potions of curing {@q1}
 r - a potion of invisibility
 z - 4 potions of brilliance
 A - 4 potions of mutation {!q}
 E - 3 potions of cancellation
 R - 3 potions of degeneration {unknown}
 U - 2 potions of berserk rage {unknown}
Miscellaneous
 H - a phantom mirror
   (You found it on level 4 of the Lair of Beasts)
 I - a phial of floods
   (You found it on level 4 of the Lair of Beasts)
 N - a lightning rod (4/4) {!a}
   (You found it on level 5 of the Lair of Beasts)


   Skills:
 + Level 14.2 Fighting
 + Level 16.8 Axes
 + Level 9.8 Armour
 + Level 8.0 Dodging
 - Level 0.8 Stealth
 - Level 5.0 Shields
 + Level 14.1 Invocations
 + Level 10.0 Evocations


You had 15 spell levels left.
You didn't know any spells.
Your spell library contained the following spells:

 Spells                   Type           Power      Damage    Failure   Level
 Foxfire                  Conj/Fire      0%         2x1d4     95%         1
 Slow                     Hex            0%         N/A       95%         1
 Blink                    Tloc           0%         N/A       99%         2
 Ensorcelled Hibernation  Hex/Ice        0%         N/A       99%         2
 Passwall                 Tmut/Erth      0%         N/A       99%         2
 Static Discharge         Conj/Air       0%         3-3/arc   99%         2
 Call Canine Familiar     Summ           0%         N/A       100%        3
 Confusing Touch          Hex            0%         N/A       100%        3
 Conjure Flame            Conj/Fire      0%         6-21      100%        3
 Ignite Poison            Fire/Tmut/Pois 0%         N/A       100%        3
 Inner Flame              Hex/Fire       0%         N/A       100%        3
 Mephitic Cloud           Conj/Pois/Air  0%         N/A       100%        3
 Portal Projectile        Hex/Tloc       0%         N/A       100%        3
 Swiftness                Air            0%         N/A       100%        3
 Tukima's Dance           Hex            0%         N/A       100%        3
 Vampiric Draining        Necr           0%         2d6       100%        3
 Cause Fear               Hex            0%         N/A       100%        4
 Dispel Undead            Necr           0%         3d6       100%        4
 Flame Wave               Conj/Fire      0%         2d4       100%        4
 Leda's Liquefaction      Hex/Erth       0%         N/A       100%        4
 Sticky Flame             Conj/Fire      0%         2d3       100%        4
 Blade Hands              Tmut           0%         N/A       100%        5
 Freezing Cloud           Conj/Ice/Air   0%         6-21      100%        5
 Manifold Assault         Tloc           0%         N/A       100%        5
 Summon Forest            Summ/Tloc      0%         N/A       100%        5
 Summon Mana Viper        Hex/Summ       0%         N/A       100%        5
 Dispersal                Tloc           0%         N/A       100%        6
 Simulacrum               Ice/Necr       0%         N/A       100%        6
 Summon Cactus Giant      Summ           0%         N/A       100%        6
 Storm Form               Tmut/Air       0%         N/A       100%        7
 Discord                  Hex            0%         N/A       100%        8
 Disjunction              Tloc           0%         N/A       100%        8
 Polar Vortex             Ice            0%         N/A       100%        9


Dungeon Overview and Level Annotations

Branches:
Dungeon (15/15) Zot: 25090  Temple (1/1) D:4 Zot: 5832    Lair (5/5) D:10 Zot: 23822
 Shoals (0/4) Lair:2       Spider (3/4) Lair:3 Zot: 16579   Slime (0/5) Lair:5
    Orc (2/2) D:11 Zot: 10299     Elf (0/3) Orc:2        Vaults (0/5) D:13
 Depths (0/4) D:15        Gauntlet (visited)

Altars:
Ashenzari
Cheibriados
Dithmenos
Gozag
Kikubaaqudgha
Makhleb
Nemelex Xobeh
Okawaru
Ru
Sif Muna
Trog
Uskayaw
Vehumet
Wu Jian
Xom
Yredelemnul
Jiyva

Shops:
D:2 *   D:8 ?   D:9 ?   Orc:1 ?(*   Orc:2 [?(=[

Portals:
Trove: D:15 (give 3 potions of resistance)

Annotations:
D:3 1 runed translucent door, Crazy Yiuf
Lair:4 1 transporter


Innate Abilities, Weirdness & Mutations

You are completely covered in rugged brown scales. (AC +3, +7% HP)
Your demonic aura sometimes causes spilled blood to erupt in flames.
You are robust. (+10% HP)
You regenerate magic rapidly.
Your touch may irresistibly damage your foes and sap their willpower.


Message History

The entropy weaver gestures at you while chanting.
The entropic weave corrodes you!
The demonic crawler hits you but does no damage.
The demonic crawler barely misses you.
The demonic crawler hits you but does no damage.
The redback bites you but does no damage.
The redback bites you!
You hit the redback but do no damage.
You hit the demonic crawler but do no damage.
You slash the moth of wrath! You drain the moth of wrath.
You slice the redback!! You drain the redback.
The redback bites you but does no damage. x2
The moth of wrath goads the redback on!
The redback goes berserk!
The demonic crawler hits you but does no damage. x2
The demonic crawler hits you! The redback bites you.
You barely miss the redback. You slash the demonic crawler!
You barely miss the moth of wrath. You barely miss the redback.
The redback bites you! x2
The moth of wrath bites you but does no damage.
The demonic crawler is engulfed in blazing flames.
The demonic crawler hits you but does no damage. x3
The redback bites you. The redback bites you! The moth of wrath bites you!
* * * LOW HITPOINT WARNING * * *
The redback bites you!
* * * LOW HITPOINT WARNING * * *
You are poisoned.
The redback poisons you!
The demonic crawler is engulfed in blazing flames.
The demonic crawler barely misses you.
The demonic crawler hits you but does no damage. x2
The redback bites you!
* * * LOW HITPOINT WARNING * * *
The moth of wrath bites you.
* * * LOW HITPOINT WARNING * * *
The entropy weaver casts a spell at you.
The entropic weave corrodes you!
You climb upwards.
* * * LOW HITPOINT WARNING * * *
You feel extremely sick.
There is a stone staircase leading down here.
Blink to where?
As you read the scroll of blinking, it crumbles to dust.
You feel extremely sick.
You feel very sick. The redback bites you!!
* * * LOW HITPOINT WARNING * * *
You are more poisoned.
The redback poisons you!
You climb upwards.
You die...

#...#...............#.........
#...........#..#...#.........#
#................#....#....#..
#.........#..............#....
#.........#.[.................
#...#................#........
#.....#...##.#.#^..#..........
#..#.........#................
#.....#...##.@...............#
#.............^....#...#.#....
#............#.#..#....#^..[<.
#..........#......##........#.
#.....#.....#^...####.......#.
#......#.......### #..#......
#.............## #####.....
###...#......##### #....#.
##....#...^###.## ##......


There were no monsters in sight!

Vanquished Creatures
  Asterion (Spider:2)
  2 ghost moths (Spider:2)
  2 broodmothers (Spider:1)
  3 entropy weavers
  A minotaur (Gauntlet)
  Josephine (D:11)
  4 boulder beetles
  3 vault guards (D:13)
  3 ogre magi
  A hydra (Lair:4)
  Erica (D:11)
  Erolcha (D:9)
  A radroach (Spider:2)
  2 catoblepae
  7 two-headed ogres
  4 centaur warriors
  10 death yaks
  Nergalle (Orc:2)
  3 pharaoh ants
  A goliath frog (Lair:5)
  3 orb spiders
  A wizard (D:15)
  2 steelbarb worms
  A harpy (D:14)
  An orc knight (D:11)
  5 deep elf pyromancers
  A necromancer (D:15)
  A deep elf zephyrmancer (D:15)
  4 cyclopes
  2 oklob plants
  14 ugly things
  2 manticores
  7 orc sorcerers
  21 slime creatures
  4 wolf spiders
  5 elephants (Lair:4)
  A moth of wrath (Gauntlet)
  Joseph (D:8)
  2 black mambas (Lair:4)
  2 gargoyles (D:14)
  2 torpor snails
  An apocalypse crab (Gauntlet)
  12 cane toads
  A rime drake (Lair:5)
  3 centaur skeletons (D:15)
  3 freezing wraiths
  An unseen horror (D:12)
  An efreet (D:14)
  4 komodo dragons
  A demonic crawler (Spider:1)
  Psyche (D:10)
  A queen bee (shapeshifter) (D:14)
  9 trolls
  2 meliai
  A merfolk (Lair:2)
  4 polar bears
  A hornet (D:10)
  4 tyrant leeches
  10 tarantellas
  20 blink frogs
  8 dream sheep
  A blink frog (shapeshifter) (D:14)
  A culicivora (shapeshifter) (Gauntlet)
  16 jumping spiders
  A shadow (D:9)
  7 wraiths
  6 culicivoras
  3 wyverns
  2 vampires
  A spriggan (shapeshifter) (D:12)
  7 humans (D:13)
  5 basilisks
  27 yaks
  Grum (D:10)
  19 vampire mosquitoes
  22 redbacks
  3 acid dragons
  2 wargs (Orc:1)
  6 water moccasins
  A black bear (shapeshifter) (D:15)
  An ice beast (D:8)
  2 orc warriors (Orc:2)
  2 black bears
  3 boggarts (D:14)
  13 ogres
  6 wolves
  A phantom (D:6)
  3 centaurs
  2 kobold brigands
  20 bullfrogs
  3 necrophages (D:5)
  A wyvern zombie (D:5)
  4 scorpions
  A water moccasin zombie (D:5)
  A hornet simulacrum (D:15)
  3 wights
  11 killer bees
  5 electric eels
  3 bullfrog zombies (D:5)
  2 lava snakes (Lair:2)
  2 jellies (D:5)
  A human zombie (D:5)
  8 orc priests
  A hound (D:5)
  A gnoll bouda (D:10)
  A scorpion zombie (D:5)
  8 hell rats
  4 iguanas
  18 orc wizards
  A hound zombie (D:5)
  A mummy (D:5)
  Robin (D:2)
  5 adders
  11 gnolls
  A white imp (D:7)
  An ufetubus (D:5)
  3 worms (D:4)
  3 dart slugs
  36 orcs
  3 endoplasms
  2 giant cockroaches (D:3)
  8 hobgoblins
  6 quokkas
  2 ball pythons (D:1)
  3 bats
  10 goblins
  12 kobolds
  6 rats
  2 bushes (Lair:4)
601 creatures vanquished.

Vanquished Creatures (collateral kills)
  The ghost of Henri the Unseen, a journeyman VSEn of Wu Jian (Lair:4)
  2 hydras
  6 two-headed ogres
  A death yak (Lair:5)
  Lodul (D:10)
  Sonja (D:11)
  2 ugly things
  A wolf spider (Spider:1)
  A cyclops (D:12)
  3 orc sorcerers (Orc:2)
  An oklob plant (D:10)
  A cane toad (Lair:5)
  An unseen horror (D:12)
  A komodo dragon (D:12)
  2 trolls
  2 meliai (D:13)
  A hornet (D:10)
  A merfolk (Lair:2)
  2 blink frogs (Lair:5)
  6 dream sheep (Lair:5)
  5 slime creatures
  A jumping spider (Spider:2)
  A culicivora (Spider:1)
  5 yaks
  A basilisk (Lair:1)
  A vampire mosquito (Lair:5)
  A redback (Spider:1)
  A human (D:13)
  3 orc warriors
  An ice beast (D:7)
  A black bear (D:7)
  A wolf (D:10)
  6 ogres
  A bullfrog (Lair:5)
  3 gnoll sergeants
  3 wights (D:9)
  2 killer bees
  A lava snake (Lair:2)
  An orc priest (D:9)
  3 orc wizards
  10 gnolls
  A shadow imp (D:7)
  17 orcs
  2 kobolds (D:7)
109 creatures vanquished.

Vanquished Creatures (others)
  A vault guard (D:13)
  A cane toad (Lair:5)
  An iguana (D:5)
  2 orc wizards (Orc:2)
  An orc (D:4)
  19 demonic plants (Gauntlet)
  18 fungi
  75 plants
  2 withered plants (Lair:4)
120 creatures vanquished.

Grand Total: 830 creatures vanquished

Notes
Turn   | Place    | Note
-------+----------+-------------------------------------------
     0 | D:1      | GeoRichter the Demonspawn Artificer began the quest for the
                  | Orb.
     0 | D:1      | Reached XP level 1. HP: 15/15 MP: 1/1
    63 | D:1      | Found a faded altar of an unknown god.
    66 | D:1      | Prayed at the altar of an unknown god.
    66 | D:1      | Became a worshipper of Makhleb the Destroyer
    66 | D:1      | Reached * piety under Makhleb
   523 | D:1      | Gained mutation: You are partially covered in rugged brown
                  | scales. (AC +1, +3% HP) [demonic ancestry]
   523 | D:1      | Reached XP level 2. HP: 6/21 MP: 2/2
  1624 | D:2      | Found Piuhoi Ocworr's Assorted Antiques.
  1676 | D:2      | Reached XP level 3. HP: 27/27 MP: 3/3
  1873 | D:2      | Found a bloodstained altar of Trog.
  2206 | D:2      | Noticed Robin
  2486 | D:2      | Reached ** piety under Makhleb
  2508 | D:2      | Killed Robin
  2761 | D:3      | Gained mutation: Your touch may inflict minor irresistible
                  | damage on your foes. [demonic ancestry]
  2761 | D:3      | Reached XP level 4. HP: 33/33 MP: 4/4
  2765 | D:3      | Identified the +3 buckler "Ecruac" {rF+ Int+2}
  2923 | D:3      | Found a runed translucent door.
  2924 | D:3      | Noticed Crazy Yiuf
  3006 | D:3      | Found a snail-covered altar of Cheibriados.
  3494 | D:4      | Reached skill level 5 in Evocations
  3494 | D:4      | Reached XP level 5. HP: 41/41 MP: 5/5
  3551 | D:4      | Noticed an ogre
  3560 | D:4      | Killed an ogre
  3712 | D:4      | Reached XP level 6. HP: 11/49 MP: 7/7
  3961 | D:4      | Found a staircase to the Ecumenical Temple.
  3973 | Temple   | Entered the Ecumenical Temple
  4445 | D:5      | Entered Level 5 of the Dungeon
  4900 | D:5      | Reached skill level 5 in Fighting
  5113 | D:5      | Gained mutation: You are mostly covered in rugged brown
                  | scales. (AC +2, +5% HP) [demonic ancestry]
  5113 | D:5      | Reached XP level 7. HP: 45/58 MP: 8/10
  5872 | D:5      | Reached skill level 5 in Invocations
  5872 | D:5      | Found a basalt altar of Yredelemnul.
  6123 | D:5      | Gained mutation: You regenerate magic rapidly. [demonic
                  | ancestry]
  6123 | D:5      | Reached XP level 8. HP: 68/70 MP: 12/12
  6135 | D:5      | Reached *** piety under Makhleb
  7574 | D:6      | Found a hide-covered altar of Uskayaw.
  7898 | D:7      | Found a sparkling altar of Nemelex Xobeh.
  7944 | D:7      | Gained mutation: Your touch may inflict irresistible damage
                  | on your foes. [demonic ancestry]
  7944 | D:7      | Reached XP level 9. HP: 72/79 MP: 14/14
  8616 | D:8      | Noticed Joseph
  8625 | D:8      | Reached skill level 10 in Fighting
  8625 | D:8      | Killed Joseph
  8697 | D:8      | Found Dyrghete's Magic Scroll Shoppe.
  8711 | D:8      | Bought a scroll of fog for 52 gold pieces
  8711 | D:8      | Bought a scroll of identify for 26 gold pieces
  8711 | D:8      | Bought a scroll of magic mapping for 97 gold pieces
  8711 | D:8      | Bought a scroll of identify for 26 gold pieces
  9357 | D:8      | Noticed a two-headed ogre
  9366 | D:8      | Killed a two-headed ogre
  9367 | D:8      | Reached skill level 10 in Invocations
  9607 | D:9      | Noticed a troll
  9615 | D:9      | Killed a troll
  9616 | D:9      | Reached skill level 1 in Dodging
  9616 | D:9      | Reached XP level 10. HP: 86/92 MP: 17/17
  9955 | D:9      | Found Ytaqulan's Magic Scroll Boutique.
 10019 | D:9      | Reached skill level 1 in Shields
 10172 | D:9      | Noticed a two-headed ogre
 10187 | D:9      | Killed a two-headed ogre
 10354 | D:9      | Noticed Erolcha
 10365 | D:9      | Killed Erolcha
 10879 | D:10     | Entered Level 10 of the Dungeon
 11060 | D:10     | Found a large runed translucent door.
 11061 | D:10     | Found a large runed translucent door.
 11146 | D:10     | Noticed Psyche
 11163 | D:10     | Killed Psyche
 11164 | D:10     | Reached skill level 5 in Armour
 11236 | D:10     | Paralysed by a hornet for 2 turns
 11367 | D:10     | Noticed Grum
 11441 | D:10     | Gained mutation: Your touch may irresistibly damage your
                  | foes and sap their willpower. [demonic ancestry]
 11441 | D:10     | Reached XP level 11. HP: 99/99 MP: 19/19
 11449 | D:10     | Noticed a two-headed ogre
 11457 | D:10     | Killed a two-headed ogre
 11471 | D:10     | Found a staircase to the Lair.
 11478 | D:10     | Noticed an oklob plant
 11537 | D:10     | Noticed Lodul
 11558 | D:10     | Killed Lodul
 12005 | D:10     | Killed Grum
 12296 | D:10     | Killed an oklob plant
 12313 | Lair:1   | Entered Level 1 of the Lair of Beasts
 12676 | Lair:1   | Noticed a boulder beetle
 12695 | Lair:1   | Killed a boulder beetle
 13386 | Lair:2   | Noticed a six-headed hydra
 13398 | Lair:2   | Killed a six-headed hydra
 13515 | Lair:2   | Reached skill level 1 in Axes
 13828 | Lair:2   | Reached skill level 2 in Axes
 13914 | Lair:2   | Found a staircase to the Shoals.
 14219 | Lair:3   | Noticed an oklob plant
 14314 | Lair:3   | Killed an oklob plant
 14315 | Lair:3   | Reached skill level 5 in Dodging
 14357 | Lair:3   | Reached XP level 12. HP: 98/106 MP: 21/21
 14501 | Lair:3   | Noticed a death yak
 14505 | Lair:3   | Noticed a death yak
 14506 | Lair:3   | Noticed a death yak
 14507 | Lair:3   | Noticed a death yak
 14507 | Lair:3   | Noticed a death yak
 14515 | Lair:3   | Noticed a death yak
 14553 | Lair:2   | Killed a death yak
 14554 | Lair:2   | Reached skill level 3 in Axes
 14821 | Lair:3   | Killed a death yak
 14822 | Lair:3   | Reached skill level 5 in Shields
 14830 | Lair:3   | Killed a death yak
 14847 | Lair:3   | Killed a death yak
 14855 | Lair:3   | Killed a death yak
 14856 | Lair:3   | Reached skill level 4 in Axes
 14864 | Lair:3   | Killed a death yak
 15058 | Lair:3   | Found a hole to the Spider Nest.
 15437 | Lair:4   | Found a runed translucent door.
 15460 | Lair:4   | Reached skill level 5 in Axes
 15487 | Lair:4   | Reached skill level 6 in Axes
 15582 | Lair:4   | Identified the +4 trident of Disorder {flame, Contam rF+++
                  | Will+ Int+4}
 15655 | Lair:4   | Noticed Henri's ghost (journeyman VSEn)
 15684 | Lair:4   | Reached skill level 7 in Axes
 15734 | Lair:4   | Found a transporter.
 16271 | Lair:4   | Killed Henri's ghost
 16422 | Lair:4   | Reached skill level 8 in Axes
 16501 | Lair:5   | Entered Level 5 of the Lair of Beasts
 16657 | Lair:5   | Reached XP level 13. HP: 116/116 MP: 22/22
 16768 | Lair:5   | Reached skill level 9 in Axes
 16794 | Lair:5   | Reached **** piety under Makhleb
 17066 | Lair:4   | Reached skill level 10 in Axes
 17338 | Lair:5   | Reached skill level 11 in Axes
 17545 | Lair:5   | Reached skill level 12 in Axes
 17855 | Lair:5   | Reached skill level 13 in Axes
 17882 | Lair:5   | Found a staircase to the Slime Pits.
 17882 | Lair:5   | Found a viscous altar of Jiyva.
 18432 | D:11     | Noticed Sonja
 18441 | D:11     | Killed Sonja
 18532 | D:11     | Noticed Erica
 18540 | D:11     | Killed Erica
 18541 | D:11     | Gained mutation: You are completely covered in rugged brown
                  | scales. (AC +3, +7% HP) [demonic ancestry]
 18541 | D:11     | Reached XP level 14. HP: 104/126 MP: 23/23
 18902 | D:11     | Noticed Josephine
 18918 | D:11     | Killed Josephine
 18941 | D:11     | Reached ***** piety under Makhleb
 19077 | D:11     | Found a staircase to the Orcish Mines.
 19080 | D:11     | Reached skill level 14 in Axes
 19137 | Orc:1    | Entered Level 1 of the Orcish Mines
 19197 | Orc:1    | Found Tugus's Magic Scroll Shoppe.
 19239 | Orc:2    | Entered Level 2 of the Orcish Mines
 19293 | Orc:2    | Found a gate leading to a gauntlet.
 19295 | Orc:2    | Found Jip Mait's Antique Armour Boutique.
 19309 | Gauntlet | Entered a Gauntlet
 19309 | Gauntlet | Found a transporter.
 19309 | Gauntlet | Found a transporter.
 19313 | Gauntlet | Found a transporter.
 19313 | Gauntlet | Found a transporter.
 19323 | Gauntlet | Found a transporter.
 19333 | Gauntlet | Found a transporter.
 19333 | Gauntlet | Found a transporter.
 19336 | Gauntlet | Noticed a balrug
 19357 | Gauntlet | Found a transporter.
 19364 | Gauntlet | Found a transporter.
 19380 | Gauntlet | Found a transporter.
 19404 | Gauntlet | Found a transporter.
 19428 | Gauntlet | Found a transporter.
 19471 | Gauntlet | Found a transporter.
 19485 | Gauntlet | Found a transporter.
 19585 | Gauntlet | Found a transporter.
 19599 | Gauntlet | Found a transporter.
 19735 | Gauntlet | Identified the ring "Luasine" {rElec rPois rF+}
 19850 | Gauntlet | Identified the +5 scimitar of the Extremes {drain, Dex+7}
 19884 | Gauntlet | Identified the +0 ring mail of Jostreog {rF++ rCorr Str-4
                  | Stlth+}
 20014 | Orc:2    | Bought a warped plate armour for 924 gold pieces
 20014 | Orc:2    | Identified the +5 plate armour "Byerr" {Str+4 Stlth-} (You
                  | bought it in a shop on level 2 of the Orcish Mines)
 20229 | Orc:2    | Found Woirchado's Antique Armour Shop.
 20259 | Orc:2    | Found Kieryabu's Jewellery Boutique.
 20279 | Orc:2    | Found a radiant altar of Vehumet.
 20482 | Orc:2    | Found a staircase to the Elven Halls.
 20573 | Orc:2    | Found an ancient bone altar of Kikubaaqudgha.
 20573 | Orc:2    | Noticed Nergalle
 20592 | Orc:2    | Killed Nergalle
 20595 | Orc:2    | Found Hilixt's Antique Weapon Boutique.
 20653 | Orc:2    | Reached skill level 15 in Axes
 20683 | Orc:2    | Found Budymoba's Magic Scroll Shop.
 20740 | Orc:2    | Bought a scroll of acquirement for 728 gold pieces
 20935 | Orc:2    | Acquired a manual of Evocations
 21204 | Orc:1    | Found Wiuv Qeu's General Store.
 21210 | Orc:1    | Found Bocseogh's Antique Weapon Boutique.
 21213 | Orc:1    | Bought a scroll of blinking for 75 gold pieces
 21213 | Orc:1    | Bought a scroll of blinking for 75 gold pieces
 21333 | Orc:1    | Bought a fine morningstar for 216 gold pieces
 21333 | Orc:1    | Identified the +9 morningstar of Jeonuthru {holy, rCorr
                  | Str+4} (You bought it in a shop on level 1 of the Orcish
                  | Mines)
 22113 | Orc:2    | Bought an iridescent battleaxe for 391 gold pieces
 22113 | Orc:2    | Identified the +4 battleaxe "Hodoppe" {drain, rC+ Str+3
                  | SInv} (You bought it in a shop on level 2 of the Orcish
                  | Mines)
 22941 | D:13     | Reached skill level 16 in Axes
 23386 | D:13     | Gained mutation: Your demonic aura sometimes causes spilled
                  | blood to erupt in flames. [demonic ancestry]
 23386 | D:13     | Reached XP level 15. HP: 131/131 MP: 24/24
 23402 | D:13     | Found a gate to the Vaults.
 23916 | D:14     | Identified the +1 leather armour "Hiraetix" {rC+}
 24665 | D:15     | Entered Level 15 of the Dungeon
 24813 | D:15     | Paralysed by an ogre mage for 5 turns
 25103 | D:15     | Found a portal to a secret trove of treasure.
 25279 | D:15     | Found a staircase to the Depths.
 25948 | D:10     | Found a large runed translucent door.
 25949 | D:10     | Found a large runed translucent door.
 26535 | D:10     | Found a shadowy altar of Dithmenos.
 26626 | Spider:1 | Entered Level 1 of the Spider Nest
 26690 | Spider:1 | Reached ****** piety under Makhleb
 26852 | Spider:1 | Gained mutation: You are robust. (+10% HP) [demonic
                  | ancestry]
 26852 | Spider:1 | Reached XP level 16. HP: 42/154 MP: 26/26
 27423 | Spider:2 | Acquired a manual of Armour
 27628 | Spider:2 | Noticed Asterion
 27637 | Spider:2 | Killed Asterion
 27827 | Spider:2 | Reached skill level 10 in Evocations
 28062 | Spider:2 | HP: 6/155 [redback (18)]
 28063 | Spider:1 | Succumbed to a redback's poison

Illustrated notes

Levels and vault maps discovered:
D:1:      dpeg_arrival_lava_temple_mockup, layout_basic,
          shapermc_ecumenical_altar_mp_urbaneastern
D:2:      layout_basic, basic_altar, serial_shops, nicolae_square_shop,
          uniq_robin
D:3:      layout_rooms, lemuel_doored_altar, serial_bayou_crossing,
          uniq_crazy_yiuf_cottage
D:4:      layout_basic, minmay_temple_entry_gardened_gates
D:5:      layout_loops_ring, lemuel_mausoleum_altar_yredelemnul,
          grunt_decor_one_mirror, kennysheep_flooded_box, minmay_crossroads
D:6:      layout_loops_ring, kennysheep_little_box
D:7:      layout_cave_pools, nemelex_spade_bored_becter, lightli_orcish_oven
D:8:      layout_basic, serial_shops, nicolae_shop_window_shopping, uniq_joseph
D:9:      layout_roguey, serial_shops, shop, uniq_erolcha
D:10:     layout_basic, jmf_multi_god_temple2, dpeg_oklobed_lair, uniq_grum,
          uniq_psyche, uniq_lodul
D:11:     layout_roguey, david_orc_5, uniq_josephine, uniq_sonja, uniq_erica
D:12:     minmay_polygon_palace, layout_stronghold, serial_column_ruins,
          column_ruins_columns_corner, column_ruins_grid_1, column_ruins_grid_1,
          column_ruins_open_tiny, minivault_5
D:13:     layout_basic, ximxim_vaults_locker_room
D:14:     minmay_ornate_pinched, layout_irregular_city, minmay_misc_feat_encased
D:15:     grunt_enter_depths_magical_seal, layout_loops_ring,
          nicolae_trove_entry_columns, nicolae_kite_square_tiling_tiny
Temple:   regret_index_temple_sphere_string
Lair:1:   layout_roguey, grunt_megastairs_1
Lair:2:   layout_chaotic_city, elwin_shoals_entry_rooms,
          nicolae_lair_liquid_snakes, lemuel_fruit_tree, grunt_megastairs_2
Lair:3:   layout_concentric_octagons, hellmonk_spider_entry_not_the_bees,
          serial_forest, infiniplex_forest_straight_5,
          infiniplex_forest_zigzag_1, infiniplex_forest_lined_2,
          infiniplex_forest_straight_3, infiniplex_forest_clump_diagonal,
          infiniplex_forest_lined_3, infiniplex_forest_lined_corner
Lair:4:   gammafunk_cloud_chamber, layout_cave_pods, gammafunk_ghost_grave,
          eino_small_chamber_without_monster, minmay_lair_oklob_bushes
Lair:5:   minmay_lair_end_frog_pond, layout_cellular_growth, slime_entry_1
Spider:1: layout_spider_delve
Spider:2: layout_spider_delve, uniq_asterion
Spider:3: layout_spider_delve, drop_trap
Orc:1:    layout_caves, serial_shops, nicolae_square_shop, shop, shop,
          mines2_david
Orc:2:    kennysheep_orc_mage_school, layout_diamond_mine, serial_shops, shop,
          basic_altar, gauntlet_entry_generic

Skill      XL: |  1  2  3  4  5  6  7  8  9 10 11 12 13 14 15 16 |
---------------+-------------------------------------------------+-----
Evocations     | 4 5 9 10 | 10.0
Fighting       | 2 4 5 7 9 11 12 13 14 | 14.2
Invocations    | 2 4 5 7 10 11 12 13 14 | 14.1
Armour         | 2 5 7 8 9 |  9.8
Dodging        | 1 3 5 6 7 8 |  8.0
Shields        | 3 4 5 |  5.0
Axes           | 2 8 13 16 | 16.8
Stealth        | |  0.8

Action                   |  1- 3 |  4- 6 |  7- 9 | 10-12 | 13-15 | 16-18 || total
-------------------------+-------+-------+-------+-------+-------+-------++-------
Melee: Club              |    19 |       |       |       |       |       ||    19
       Dagger            |    73 |   245 |   379 |       |       |       ||   697
       Mace              |    52 |       |       |       |       |       ||    52
       Punch             |     2 |       |       |       |       |       ||     2
       Spear             |       |       |    14 |     9 |       |       ||    23
       Trident           |       |       |       |   180 |       |       ||   180
       Unarmed           |       |       |       |     1 |       |       ||     1
       War axe           |       |       |       |   516 |   922 |       ||  1438
       Battleaxe         |       |       |       |       |   290 |   156 ||   446
Invok: Minor Destruction |       |    16 |   106 |   106 |   215 |       ||   443
       Lesser Servant of |       |       |     7 |    20 |    36 |     4 ||    67
       Major Destruction |       |       |       |       |     1 |       ||     1
Evoke: Wand              |     9 |    10 |       |     3 |     6 |       ||    28
       Lightning rod     |       |       |       |       |     4 |       ||     4
       Phial of floods   |       |       |       |       |     1 |       ||     1
  Use: Scroll            |       |       |     9 |    13 |     8 |     2 ||    32
       Potion            |       |       |       |     6 |     6 |       ||    12
 Stab: Sleeping          |     1 |       |       |       |       |       ||     1
       Distracted        |       |       |       |     2 |     9 |     2 ||    13
       Invisible         |       |       |       |     2 |     3 |       ||     5
Armor: Leather armour    |    13 |       |       |       |       |       ||    13
       Ring mail         |    69 |    51 |   128 |    19 |       |       ||   267
       Troll leather arm |       |       |       |   252 |   141 |       ||   393
       Plate armour      |       |       |       |       |   605 |   249 ||   854
Dodge: Dodged            |    77 |    67 |   129 |   572 |   834 |   123 ||  1802
Block: Buckler           |       |    42 |    93 |   335 |   360 |       ||   830
